Map: Ancient Cistern LE

Players

Callipygian

  • Race: Zerg Zerg
  • League: Gold
  • Spawn Location: 7:00

kidneyboy - Winner!

  • Race: Protoss Protoss
  • League: Gold
  • Spawn Location: 1:00

VOD

Have the link to the VOD?

Description

Time

  • Played on: March 12, 2023, 1:03 a.m.
  • Length: 13:21
Show
View Real Time Build Order
Export as new Build Order

Callipygian Zerg 

Build Orders: Hatch First 

Get SALT Encoding   

  12  0:00  Drone  
  13  0:13  Overlord  
  13  0:16  Drone  
  14  0:37  Drone  
  15  0:47  Hatchery  
  15  0:48  Drone  
  15  0:58  Drone x2  
  17  1:14  Spawning Pool  
  17  1:15  Drone  
  17  1:19  Drone  
  18  1:29  Overlord  
  18  1:32  Extractor  
  18  1:35  Extractor  
  18  1:37  Drone  
  17  1:43  Drone  
  18  1:50  Extractor  
  18  1:51  Extractor  
  16  1:57  Drone  
  17  2:02  Queen  
  17  2:04  Queen  
  17  2:07  Drone  
  22  2:10  Drone  
  22  2:14  Drone  
  24  2:19  Drone  
  25  2:24  Drone  
  25  2:27  Drone  
  27  2:31  Drone  
  28  2:38  Drone  
  29  2:49  Lair  
  29  2:54  Pneumatized Carapace  
  29  2:57  Drone  
  30  3:06  Overlord  
  30  3:10  Drone  
  31  3:15  Zergling x2  
  32  3:27  Roach Warren  
  32  3:28  Drone  
  32  3:35  Drone x2  
  32  3:39  Drone  
  35  3:51  Queen  
  35  3:53  Drone  
  38  4:00  Burrow  
  38  4:05  Metabolic Boost  
  38  4:11  Overlord  
  38  4:21  Drone x3  
  41  4:43  Drone x8  
  49  4:54  Glial Reconstitution  
  49  5:03  Evolution Chamber  
  49  5:05  Evolution Chamber  
  47  5:18  Hatchery  
  46  5:25  Drone x6  
  46  5:27  Overlord  
  52  5:36  Zerg Missile Weapons Level 1  
  52  5:37  Zerg Ground Armor Level 1  
  52  5:51  Drone x3  
  52  5:52  Overlord  
  52  5:53  Overlord  
  52  5:56  Overlord  
  55  6:06  Roach x2  
  55  6:08  Overlord x2  
  59  6:13  Tunneling Claws  
  59  6:14  Roach x2  
  65  6:25  Roach  
  65  6:26  Roach x2  
  65  6:28  Roach  
  71  6:36  Zergling x4  
  73  6:52  Roach  
  73  6:53  Roach x6  
  73  6:54  Roach x3  
  93  7:19  Roach x6  
  93  7:21  Overlord x4  
  93  7:22  Overlord x2  
  105  7:26  Overseer  
  105  7:53  Drone x4  
  105  7:54  Roach x4  
  121  7:58  Roach x3  
  121  7:59  Roach x5  
  121  8:00  Roach x2  
  136  8:30  Infestation Pit  
  136  8:31  Zerg Missile Weapons Level 2  
  136  8:33  Zerg Ground Armor Level 2  
  131  8:34  Hydralisk Den  
  124  9:08  Hive  
  124  9:09  Pathogen Glands  
  124  9:13  Drone x15  
  124  9:15  Baneling Nest  
  138  9:19  Extractor  
  138  9:20  Extractor  
  136  9:34  Hatchery  
  135  9:44  Hatchery  
  134  9:46  Infestor x2, Hydralisk  
  134  9:47  Zergling x4, Hydralisk  
  134  9:48  Zergling x8  
  148  9:55  Roach x33  
  124  10:30  Hydralisk x3  
  124  10:31  Hydralisk x3, Roach x4  
  124  10:32  Roach x2  
  106  10:50  Zergling x6  
  106  10:51  Zergling x2  
  110  10:58  Zergling x10  
  115  11:09  Zergling x10  
  115  11:10  Extractor  
  119  11:13  Extractor  
  116  11:19  Zergling x2  
  116  11:20  Zergling x16  
  116  11:25  Zergling x2  
  101  11:26  Zergling x6  
Show
View Real Time Build Order
Export as new Build Order

kidneyboy Protoss - Winner!

Build Orders: 1 Gate Expand, Chargelot Immortal 

Get SALT Encoding   

  12  0:01  Probe (Chrono Boost)  
  13  0:11  Probe (Chrono Boost)  
  14  0:16  Probe (Chrono Boost)  
  15  0:27  Pylon  
  15  0:32  Assimilator  
  15  0:45  Probe  
  15  0:48  Gateway  
  16  0:57  Probe  
  17  1:10  Probe  
  18  1:22  Probe  
  19  1:29  Nexus  
  19  1:40  Cybernetics Core  
  19  1:43  Probe  
  20  1:51  Assimilator  
  20  1:52  Zealot (Chrono Boost)  
  22  2:05  Probe  
  23  2:25  Pylon  
  23  2:32  Pylon  
  23  2:39  Forge  
  23  2:42  Probe x2 (Chrono Boost)  
  27  2:51  Warp Gate (Chrono Boost)  
  27  2:52  Probe x2 (Chrono Boost)  
  27  2:56  Probe (Chrono Boost)  
  27  2:57  Probe (Chrono Boost)  
  27  3:04  Gateway  
  29  3:07  Probe  
  29  3:11  Zealot  
  32  3:20  Photon Cannon  
  32  3:23  Probe x2  
  34  3:37  Probe x2  
  36  3:42  Zealot  
  38  3:49  Probe  
  39  3:58  Twilight Council  
  39  4:01  Probe x2  
  41  4:06  Photon Cannon  
  41  4:09  Assimilator  
  41  4:12  Assimilator  
  41  4:13  Probe x2  
  43  4:17  Shield Battery  
  43  4:25  Probe x2  
  43  4:26  Pylon  
  43  4:30  Charge (Chrono Boost)  
  45  4:32  Pylon, Stalker x2  
  49  4:49  Robotics Facility  
  49  4:50  Probe x2  
  51  4:54  Photon Cannon  
  51  4:58  Stalker  
  51  4:59  Stalker  
  55  5:10  Gateway  
  55  5:12  Gateway  
  55  5:15  Pylon  
  55  5:20  Pylon  
  55  5:22  Protoss Ground Weapons Level 1  
  55  5:27  Pylon  
  55  5:30  Probe x2  
  57  5:37  Zealot x2  
  57  5:42  Probe  
  62  5:43  Probe  
  63  5:55  Gateway  
  63  6:04  Photon Cannon  
  63  6:06  Photon Cannon  
  63  6:07  Zealot x3  
  70  6:18  Observer (Chrono Boost)  
  70  6:20  Pylon  
  70  6:32  Immortal (Chrono Boost)  
  70  6:36  Nexus  
  70  6:37  Stalker x2  
  70  6:39  Pylon  
  78  6:41  Pylon  
  78  6:51  Blink  
  78  7:12  Robotics Facility  
  78  7:20  Photon Cannon  
  78  7:23  Photon Cannon  
  78  7:24  Photon Cannon  
  78  7:27  Photon Cannon  
  78  7:29  Photon Cannon  
  78  7:42  Zealot x3  
  78  7:43  Zealot x2  
  88  7:54  Shield Battery  
  88  7:56  Shield Battery  
  88  7:57  Immortal (Chrono Boost)  
  92  7:59  Photon Cannon  
  92  8:00  Immortal (Chrono Boost)  
  92  8:02  Photon Cannon  
  96  8:06  Protoss Ground Weapons Level 2 (Chrono Boost)  
  92  8:23  Zealot x5  
  102  8:33  Immortal  
  94  8:51  Immortal  
  98  9:00  Gateway  
  98  9:05  Gateway  
  98  9:08  Gateway  
  98  9:11  Photon Cannon, Probe x2  
  98  9:12  Warp Prism  
  102  9:21  Photon Cannon  
  102  9:22  Pylon  
  102  9:24  Pylon  
  102  9:27  Pylon  
  102  9:40  Probe, Stalker  
  102  9:41  Stalker x2  
  102  9:42  Stalker  
  111  9:59  Immortal  
  115  10:03  Zealot x3  
  121  10:24  Protoss Ground Armor Level 1 (Chrono Boost)  
  99  10:41  Stalker x2  
  99  10:42  Stalker x5  
  113  10:44  Zealot  
  115  11:09  Zealot  
  115  11:10  Zealot x5  
  101  11:27  Zealot  
  101  11:29  Zealot  
  95  11:49  Zealot x2  
  95  11:50  Zealot x6  
Tags
 
Add a new tag
Caveats
  • Supply blocks, unpowered buildings, or Contaminate may cause inaccurate times.
  • Supply counts are checked every 10 seconds.